 Dungeon Crawl Stone Soup version 0.31-b1-20-g67cafac56d (webtiles) character file.

Game seed: 3866924379195807361

1583043 Hi5aMiFi the Minotaur Barricade (level 26, 266/266 HPs)
             Began as a Minotaur Fighter on Jan 15, 2024.
             Was the Champion of Trog.
             Escaped with the Orb
             ... and 3 runes on Jan 18, 2024!
             The game lasted 08:39:14 (79182 turns).

Hi5aMiFi the Minotaur Barricade (Minotaur Fighter) Turns: 79182, Time: 08:39:15

Health: 266/266    AC: 49    Str: 28    XL:     26   Next: 80%
Magic:  22/22      EV: 10    Int:  5    God:    Trog [******]
Gold:   3360       SH: 43    Dex: 16    Spells: 25/25 levels left

rFire   + . .        i - +9 demon trident of Bloody Death {heavy, ^Contam rC+ Will+ Dex+5}
rCold   + + +        u - +6 tower shield {reflect}
rNeg    + + +        W - +9 gold dragon scales
rPois   +            C - +2 hat
rElec   +            v - +2 cloak
rCorr   +            g - +1 pair of gloves "Weifub" {+Blink rElec rC+ Int+3}
SInv    +            b - +2 pair of boots {rampage}
Will    +++..        a - brooch of Shielding {Spirit SH+8} Stlth
                     z - ring of Heppam {rC+ rN+++ Int-5 SInv Stlth+}
HPRegen 0.64/turn    Y - ring "Kabir" {rC- Will+ rCorr Slay+5}
MPRegen 0.18/turn

%: reflection, guardian spirit, rampage
@: hasted (expiring), very quick
A: horns 2, retaliatory headbutt, large bone plates 1, deterioration 1,
screaming 1, weak 1
0: Orb of Zot
}: 3/15 runes: decaying, serpentine, silver
a: Renounce Religion, Evoke Blink, Berserk, Trog's Hand, Brothers in Arms


You escaped.
You worshipped Trog.
Trog was exalted by your worship.
You visited 10 branches of the dungeon, and saw 48 of its levels.
You also visited: Trove, Bailey, Ice Cave and Wizlab.

You collected 8797 gold pieces.
You spent 5437 gold pieces at shops.

Inventory:

Hand Weapons
 i - the +9 demon trident of Bloody Death (weapon) {heavy, ^Contam rC+ Will+ Dex+5}
   (You found it in a treasure trove)

   Dex+5:     It affects your dexterity (+5).
   rC+:       It protects you from cold.
   Will+:     It increases your willpower.
   ^Contam:   It causes magical contamination when unequipped.
Missiles
 c - 4 silver javelins (quivered)
 r - 14 javelins
 t - a throwing net
 A - 28 boomerangs
 E - 5 darts of dispersal
Armour
 b - a +2 pair of boots of rampaging (worn)
 g - the +1 pair of gloves "Weifub" (worn) {+Blink rElec rC+ Int+3}
   (You found it on level 2 of the Elven Halls)

   Int+3:     It affects your intelligence (+3).
   rC+:       It protects you from cold.
   rElec:     It insulates you from electricity.
   +Blink:    It lets you blink.
 u - a +6 tower shield of reflection (worn)
 v - a +2 cloak (worn)
 C - a +2 hat (worn)
 J - a +2 pair of gloves of infusion
 W - +9 gold dragon scales (worn)
Jewellery
 a - the brooch of Shielding (around neck) {Spirit SH+8}
   (You found it in a treasure trove)

   [amulet of guardian spirit]

   Spirit:    It causes incoming damage to be divided between your reserves of
   health and magic.
   SH+8:      It affects your SH (+8).
 h - the ring of Ohyucoif {Fire rElec Will- Str+2}
   (You found it in a wizard's laboratory)

   [ring of fire]

   Fire:      It enhances your fire magic.
   Str+2:     It affects your strength (+2).
   rF+:       It protects you from fire.
   rC-:       It makes you vulnerable to cold.
   rElec:     It insulates you from electricity.
   Will-:     It decreases your willpower.
 k - the ring of the Serpent {rElec rC- Int+7 SInv}
   (You found it in a wizard's laboratory)

   [ring of see invisible]

   Int+7:     It affects your intelligence (+7).
   rC-:       It makes you vulnerable to cold.
   rElec:     It insulates you from electricity.
   SInv:      It lets you see invisible.
 z - the ring of Heppam (left hand) {rC+ rN+++ Int-5 SInv Stlth+}
   (You found it on level 3 of the Elven Halls)

   [ring of protection from cold]

   Int-5:     It affects your intelligence (-5).
   rC+:       It protects you from cold.
   rN+++:     It renders you almost immune to negative energy.
   SInv:      It lets you see invisible.
   Stlth+:    It makes you more stealthy.
 M - a ring of protection from fire
 N - the amulet of the Threshing Traitor {Fly Regen+ rCorr}
   (You found it in a wizard's laboratory)

   [amulet of regeneration]

   Fly:       It grants you flight.
   Regen+:    It increases your rate of health regeneration.
   rCorr:     It protects you from acid and corrosion.
 V - the ring "Lusuhiuna" {+Blink rPois Str+4}
   (You found it in a treasure trove)

   [ring of poison resistance]

   Str+4:     It affects your strength (+4).
   rPois:     It protects you from poison +Blink: It lets you blink.
 Y - the ring "Kabir" (right hand) {rC- Will+ rCorr Slay+5}
   (You found it on level 2 of the Depths)

   [ring of willpower]

   Slay+5:    It affects your accuracy & damage with ranged weapons and melee
   (+5).
   rC-:       It makes you vulnerable to cold.
   Will+:     It increases your willpower.
   rCorr:     It protects you from acid and corrosion.
Wands
 y - a wand of charming (38)
 T - a wand of digging (2)
 X - a wand of acid (20)
 Z - a wand of iceblast (53)
Scrolls
 d - a scroll of butterflies
 f - 6 scrolls of fear
 o - 25 scrolls of teleportation
 p - 2 scrolls of revelation
 q - 3 scrolls of silence
 B - 8 scrolls of fog
 D - 8 scrolls of immolation
 K - 2 scrolls of blinking
 L - 10 scrolls of vulnerability
 U - 4 scrolls of poison
Potions
 e - 7 potions of haste
 l - 5 potions of cancellation
 m - 10 potions of attraction
 s - 6 potions of lignification
 w - 2 potions of might
 x - 5 potions of enlightenment
 F - 9 potions of magic
 G - 13 potions of mutation
 H - 5 potions of resistance
 I - 4 potions of invisibility
 O - 20 potions of heal wounds
 Q - a potion of ambrosia
 S - 16 potions of curing
Miscellaneous
 j - a box of beasts (inert)
 n - a phial of floods
 P - a tin of tremorstones (2/2)
 R - a phantom mirror


   Skills:
 O Level 27 Fighting
 - Level 20.0 Polearms
 + Level 21.7 Throwing
 O Level 27 Armour
 - Level 5.0 Dodging
 O Level 27 Shields
 - Level 20.0 Evocations


You had 25 spell levels left.
You didn't know any spells.
Your spell library contained the following spells:

 Spells                   Type           Power      Damage    Failure   Level
 Ensorcelled Hibernation  Hex/Ice        0%         N/A       99%         2
 Fugue of the Fallen      Necr           0%         N/A       100%        3
 Hailstorm                Conj/Ice       0%         3d5       100%        3
 Ozocubu's Armour         Ice            0%         N/A       100%        3
 Summon Ice Beast         Ice/Summ       0%         N/A       100%        3
 Anguish                  Hex/Necr       0%         N/A       100%        4
 Metabolic Englaciation   Hex/Ice        0%         N/A       100%        5
 Sculpt Simulacrum        Ice/Alch       0%         N/A       100%        6


Dungeon Overview and Level Annotations

Branches:
Dungeon (15/15)            Temple (1/1) D:5            Lair (5/5) D:11
  Swamp (4/4) Lair:2        Snake (4/4) Lair:3        Slime (0/5) Lair:5
    Orc (2/2) D:12            Elf (3/3) Orc:2        Vaults (5/5) D:13
  Crypt (0/3) Vaults:3     Depths (4/4) D:15            Zot (5/5) Depths:4
 Bailey (visited)           IceCv (visited)          WizLab (visited)

Altars:
Ashenzari
Cheibriados
Dithmenos
Elyvilon
Fedhas
Gozag
Hepliaklqana
Kikubaaqudgha
Makhleb
Nemelex Xobeh
Okawaru
Qazlal
Ru
Sif Muna
Trog
Uskayaw
Vehumet
Wu Jian
Xom
Yredelemnul
Zin
The Shining One
Jiyva

Shops:
D:12 [   Orc:2 (?:(   Elf:1 =:=   Elf:3 !*   Snake:1 ?   Snake:2 :
Snake:4 ***!!:!(*   Vaults:1 (   Vaults:5 (

Portals:
Hell: Depths:1 Depths:2 Depths:3 Depths:4
Abyss: Depths:3 Depths:4
Pandemonium: Depths:2
Ziggurat: Depths:4


Innate Abilities, Weirdness & Mutations

You have a pair of horns on your head.
You reflexively headbutt those who attack you in melee.
You are partially covered in large bone plates. (SH +4)
Your body sometimes deteriorates upon taking damage.
You occasionally shout uncontrollably at your foes.
You are weak. (Str -2)


Message History

You block the Orb Guardian's attack.
You closely miss the Orb Guardian. You headbutt the Orb Guardian!
The Orb Guardian is almost dead.
The Orb Guardian hits you but does no damage.
You hit the Orb Guardian but do no damage.
Your headbutt misses the Orb Guardian.
The Orb Guardian is almost dead.
You block the Orb Guardian's attack.
You puncture the Orb Guardian!
You kill the Orb Guardian!
Trog accepts your kill.
There is an open door here.
There is an open door here.
Aiming: Dig
Press: ? - help, Shift-Dir - straight line A rock wall.
This square is covered in magical glow.
The rock shatters into small pieces.
Aiming: Dig
Press: ? - help, Shift-Dir - straight line A rock wall.
This square is covered in magical glow.
The rock shatters into small pieces.
Aiming: Dig
Press: ? - help, Shift-Dir - straight line This square is covered in magical glow.
The rock shatters into small pieces.
Blink to where?
Press: ? - help, Dir - move target
As you read the scroll of blinking, it crumbles to dust.
Aiming: Dig
Press: ? - help, Shift-Dir - straight line A rock wall.
This square is covered in magical glow.
The rock shatters into small pieces.
Your extra speed is starting to run out.
Blink to where?
Press: ? - help, Dir - move target
As you read the scroll of blinking, it crumbles to dust.
You have escaped!

#........##
#.##
##.......#
#.#
#......##
#.#
#......#
#.#
##.....##.#
#....##.#
##..ยง#.##
#..#.##
#@#.## ####


There were no monsters in sight!

Vanquished Creatures
  A dread lich (Zot:5)
  2 ancient liches
  4 orbs of fire (Zot:5)
  Mara (Vaults:3)
  4 juggernauts (Depths:3)
  Xtahua (Depths:4)
  Parghit (Zot:3)
  7 Killer Klowns (Zot:5)
  Bai Suzhen (Elf:3)
  Saint Roka (Vaults:1)
  4 caustic shrikes
  A curse toe (Zot:5)
  Nikola (Vaults:3)
  7 golden dragons
  the Enchantress (Depths:4)
  3 bone dragons
  4 electric golems
  19 tentacled monstrosities
  A walking earthen tome (Depths:3)
  26 Orb Guardians
  7 titans
  An Ice Fiend (IceCv)
  4 liches
  5 quicksilver dragons
  3 deep elf blademasters
  2 deep elf master archers (Elf:3)
  7 death cobs
  7 sphinxes
  The ghost of Ubraesch the Brawler, an adept TrMo of Nemelex Xobeh (Depths:2)
  Aizul (Snake:3)
  The ghost of Dittersdorf the Severer, an adept MiBe of Trog (Snake:4)
  2 draconian monks (Zot:4)
  10 shadow dragons
  24 storm dragons
  Donald (Vaults:2)
  7 tengu reavers
  13 frost giants
  5 nagarajas
  3 protean progenitors (Zot:1)
  4 draconian shifters
  3 draconian knights
  5 deep elf sorcerers
  16 fire giants
  4 deep elf elementalists
  A juggernaut zombie (Depths:1)
  5 spectral caustic shrikes (Depths:1)
  4 ghost moths
  A draconian scorcher (Zot:5)
  2 iron dragons
  3 orc warlords
  10 draconian annihilators
  14 vault wardens
  The ghost of Jaliuk the Eclecticist, a journeyman DECj of Vehumet (D:14)
  3 draconian stormcallers
  42 very ugly things
  7 spriggan defenders
  A formless jellyfish (Vaults:2)
  20 ironbound preservers
  A reaper (Depths:2)
  2 quicksilver oozes (Zot:1)
  2 broodmothers (Zot:1)
  6 vampire knights
  6 deep elf demonologists
  16 stone giants
  9 ironbound thunderhulks
  3 black draconians
  6 green draconians
  17 dire elephants
  6 eleionomae
  8 deep elf death magi
  12 purple draconians
  8 yellow draconians
  11 red draconians
  7 war gargoyles
  4 bunyips
  4 spark wasps
  5 white draconians
  7 deep elf annihilators (Elf:3)
  15 ettins
  The ghost of PaiMei the Black Sun, a journeyman DsNe of Kikubaaqudgha (Lair:4)
  2 blizzard demons
  A merfolk javelineer (Depths:1)
  A shambling mangrove (Swamp:1)
  10 deep elf high priests
  2 jiangshi (Depths:3)
  12 fire dragons
  15 yaktaur captains
  Fannar (Lair:3)
  25 vault guards
  An entropy weaver (shapeshifter) (Depths:3)
  8 great orbs of eyes
  The ghost of Dunwar the Spear-Bearer, a journeyman GnCK of Xom (Lair:1)
  5 rakshasas
  A spriggan skeleton (Depths:2)
  5 peacekeepers (WizLab)
  14 ice dragons
  3 caustic shrike simulacra
  9 spriggan air magi
  Erolcha (D:13)
  5 catoblepae
  5 alligators
  5 ogre magi
  2 ghost crabs
  24 hydras
  2 salamander tyrants (WizLab)
  A death knight (D:15)
  7 centaur warriors
  4 ironbound frosthearts (Vaults:1)
  6 anacondas
  2 boulder beetles
  26 dancing weapons
  12 deep troll shamans
  13 naga warriors
  15 death yaks
  9 deep troll earth magi
  8 two-headed ogres
  A demonic crawler (D:2)
  3 occultists
  5 tengu warriors
  A two-headed ogre (shapeshifter) (Depths:4)
  A shock serpent (shapeshifter) (Vaults:5)
  7 spriggan berserkers
  A sun demon (Depths:2)
  7 shock serpents
  Nergalle (Orc:2)
  An orc high priest (Orc:2)
  5 hell knights
  3 vampire magi (Depths:3)
  25 deep elf knights
  15 naga sharpshooters
  5 soul eaters
  8 salamander mystics
  2 sixfirhies
  A storm dragon zombie (Zot:2)
  8 skeletal warriors
  18 iron trolls
  3 death drakes
  5 glowing orange brains
  5 goliath frogs
  54 deep trolls
  A deep troll (shapeshifter) (Vaults:5)
  4 spriggan druids
  18 deep elf archers
  14 swamp dragons
  5 bog bodies
  2 flayed ghosts (Depths:4)
  15 ironbound convokers
  4 arcanists
  11 naga ritualists
  13 mana vipers
  2 obsidian statues
  6 spriggan simulacra (IceCv)
  2 lightning spires (WizLab)
  42 deep elf pyromancers
  7 necromancers
  4 phantasmal warriors
  Pikel (D:6)
  13 lindwurms
  4 harpies
  24 deep elf zephyrmancers
  A frost giant zombie (Depths:2)
  12 orc knights
  47 ugly things
  A fire giant zombie (Vaults:2)
  8 orc sorcerers
  4 cyclopes
  4 will-o-the-wisps
  7 manticores
  A cyclops (shapeshifter) (Vaults:5)
  A meliai (shapeshifter) (Depths:3)
  14 salamanders
  29 moths of wrath
  5 large abominations (Elf:1)
  3 kobold blastminers (Orc:1)
  13 naga magi
  A frost giant skeleton (Depths:1)
  3 guardian serpents
  5 elephants
  Joseph (D:7)
  2 stone giant skeletons
  32 black mambas
  2 molten gargoyles (WizLab)
  4 torpor snails
  A black mamba (shapeshifter) (D:14)
  9 gargoyles
  14 vault sentinels
  An eye of devastation (shapeshifter) (Vaults:5)
  15 cane toads
  2 hellions
  An unseen horror (D:12)
  11 komodo dragons
  40 yaktaurs
  10 rime drakes
  A kobold demonologist (D:12)
  9 ice devils
  2 human zombies
  5 freezing wraiths
  2 komodo dragons (shapeshifter)
  A tengu conjurer (D:13)
  A tormentor (Zot:4)
  2 bloated husks (Swamp:3)
  A silent spectre (Vaults:4)
  3 polar bears
  5 trolls
  A merfolk (shapeshifter) (Depths:3)
  2 hornets (shapeshifter)
  24 hornets
  17 blink frogs
  2 fire giant simulacra (Vaults:4)
  A shadow dragon simulacrum (Depths:1)
  Prince Ribbit (D:6)
  5 alligator simulacra (IceCv)
  A dream sheep (shapeshifter) (Vaults:5)
  2 glass eyes
  A moth of wrath zombie (Zot:2)
  9 tyrant leeches
  7 centaur simulacra
  22 slime creatures
  A dire elephant simulacrum (IceCv)
  6 air elementals
  A deep troll skeleton (Vaults:2)
  4 wraiths
  A vampire (D:14)
  18 spriggans
  A culicivora (shapeshifter) (Elf:1)
  8 wyverns
  A shadow (D:13)
  10 water elementals
  The ghost of Chadd the Chopper, an amateur HOMo (D:3)
  3 neqoxecs
  39 yaks
  7 fire elementals
  2 humans (D:13)
  A warg (shapeshifter) (Vaults:5)
  13 vampire mosquitoes
  9 minotaur simulacra (IceCv)
  8 basilisks
  An elf skeleton (Vaults:4)
  3 wargs
  A swamp worm (shapeshifter) (Depths:3)
  The ghost of BaconRulez the Shooter, an amateur KoHu (D:4)
  10 swamp worms
  31 nagas
  16 water moccasins
  3 acid dragons
  11 swamp drakes
  27 orc warriors
  A sky beast (D:7)
  6 black bears
  A meliai simulacrum (D:14)
  3 ice beasts
  15 wolves
  5 centaurs
  A water moccasin (shapeshifter) (Vaults:5)
  3 ogres
  An elf zombie (Elf:1)
  5 kobold brigands
  Blork the orc (D:6)
  15 bullfrogs
  3 scorpions
  7 earth elementals
  2 gnoll sergeants
  10 deep troll simulacra (IceCv)
  A hornet simulacrum (D:14)
  A wight (D:7)
  4 lindwurm simulacra (IceCv)
  7 killer bees
  2 electric eels
  3 howler monkeys
  2 bombardier beetles
  A bullfrog zombie (D:3)
  7 hounds
  20 orc priests
  A jelly (D:4)
  A jelly (shapeshifter) (Depths:1)
  2 centaur zombies (D:3)
  3 gnoll boudas (D:6)
  Crazy Yiuf (D:6)
  4 iguanas
  2 sleepcaps
  42 orc wizards
  2 boggart simulacra
  A howler monkey zombie (D:3)
  24 gnolls
  5 adders
  4 white imps
  A ribbon worm (D:2)
  4 dart slugs (D:2)
  81 orcs
  6 ball pythons
  4 bats
  11 endoplasms
  3 giant cockroaches
  13 goblins
  5 hobgoblins
  9 quokkas
  5 frilled lizards
  27 kobolds
  6 rats
2199 creatures vanquished.

Vanquished Creatures (collateral kills)
  A pandemonium lord (D:7)
  Sojobo (Depths:4)
  the Lernaean hydra (Swamp:4)
  Jorgrun (D:13)
  A protean progenitor (Zot:1)
  2 draconian scorchers
  A green draconian (Zot:4)
  A white draconian (Zot:4)
  A black draconian (Zot:4)
  A purple draconian (Zot:4)
  3 hydras (Swamp:4)
  2 peacekeepers (WizLab)
  A spriggan air mage (Swamp:2)
  An anaconda (Snake:2)
  Sonja (D:13)
  A mana viper (Snake:2)
  A goliath frog (Swamp:4)
  A deep troll (Vaults:3)
  A swamp dragon (Swamp:4)
  A black mamba (Snake:2)
  A gargoyle (WizLab)
  A tengu conjurer (D:13)
  A water moccasin (Lair:1)
  A black bear (Lair:1)
  A wolf (Lair:1)
29 creatures vanquished.

Vanquished Creatures (others)
  A golden dragon (Zot:5)
  A storm dragon (Depths:2)
  A draconian knight (Zot:4)
  A draconian scorcher (Zot:4)
  A yellow draconian (Zot:4)
  A red draconian (Zot:4)
  A shock serpent (Snake:1)
  A deep elf knight (Elf:1)
  A fire crab (Lair:1)
  A deep troll (Vaults:3)
  2 deep elf pyromancers (Elf:2)
  A deep elf zephyrmancer (Elf:1)
  A water elemental (D:14)
  3 electric eels
  16 foxfires
33 creatures vanquished.

Grand Total: 2261 creatures vanquished

Notes
Turn   | Place    | Note
-------+----------+-------------------------------------------
     0 | D:1      | Hi5aMiFi the Minotaur Fighter began the quest for the Orb.
     0 | D:1      | Reached XP level 1. HP: 19/19 MP: 0/0
   266 | D:1      | Reached XP level 2. HP: 27/27 MP: 1/1
  1148 | D:2      | Reached XP level 3. HP: 34/34 MP: 2/2
  1882 | D:2      | Identified the +5 dagger of Fiecuom {venom, rPois Int-2
                  | Stlth+}
  1917 | D:2      | Reached skill level 5 in Fighting
  2619 | D:3      | Reached XP level 4. HP: 42/42 MP: 3/3
  2975 | D:3      | You fall into a shaft and drop 3 floors!
  2985 | D:5      | Entered Level 5 of the Dungeon
  3047 | D:6      | Noticed a bullfrog
  3056 | D:6      | Killed a bullfrog
  3057 | D:6      | Reached skill level 5 in Armour
  3057 | D:6      | Reached XP level 5. HP: 40/48 MP: 4/4
  3270 | D:4      | Found a hide-covered altar of Uskayaw.
  3369 | D:4      | Noticed an ice beast
  3632 | D:3      | Found a transporter.
  3634 | D:3      | Noticed Chadd's ghost (amateur HOMo)
  3825 | D:3      | Reached XP level 6. HP: 57/57 MP: 5/5
  3834 | D:3      | Found a transporter.
  4209 | D:4      | Found a large runed translucent door.
  4209 | D:4      | Found a large runed translucent door.
  4539 | D:4      | Found an ornate altar of the Wu Jian Council.
  4755 | D:4      | Noticed BaconRulez's ghost (amateur KoHu)
  4852 | D:5      | Reached skill level 1 in Throwing
  4870 | D:5      | Reached skill level 1 in Evocations
  4901 | D:5      | Reached XP level 7. HP: 41/64 MP: 6/6
  5727 | D:5      | Found a staircase to the Ecumenical Temple.
  5733 | Temple   | Found a transporter.
  5733 | Temple   | Found a transporter.
  5733 | Temple   | Found a transporter.
  5733 | Temple   | Found a transporter.
  5733 | Temple   | Entered the Ecumenical Temple
  5751 | Temple   | Became a worshipper of Trog the Wrathful
  5836 | D:6      | Noticed a hornet
  5923 | D:6      | Reached XP level 8. HP: 73/73 MP: 7/7
  5991 | D:6      | Noticed Blork the orc
  5998 | D:6      | Killed Blork the orc
  6024 | D:6      | Reached skill level 5 in Polearms
  6224 | D:6      | Killed a hornet
  6225 | D:6      | Reached skill level 5 in Throwing
  6320 | D:6      | Noticed Prince Ribbit
  6504 | D:6      | Noticed Pikel
  6533 | D:6      | Killed Pikel
  6534 | D:6      | Reached XP level 9. HP: 79/79 MP: 8/8
  6646 | D:6      | Found a runed translucent door.
  6649 | D:6      | Noticed Crazy Yiuf
  6708 | D:6      | Found a glowing golden altar of the Shining One.
  6755 | D:6      | Reached * piety under Trog
  6807 | D:6      | Found a stormy altar of Qazlal.
  6902 | D:6      | Killed Prince Ribbit
  7146 | D:1      | Found a faded altar of an unknown god.
  7657 | D:7      | Reached skill level 10 in Polearms
  7687 | D:7      | Noticed Joseph
  7707 | D:7      | Killed Joseph
  8260 | D:7      | Found a shimmering altar of Xom.
  8260 | D:7      | Found a radiant altar of Vehumet.
  8286 | D:7      | Reached skill level 5 in Shields
  8629 | D:4      | Killed BaconRulez's ghost
  8978 | D:8      | Noticed a two-headed ogre
  8995 | D:8      | Killed a two-headed ogre
  8996 | D:8      | Reached XP level 10. HP: 88/88 MP: 9/9
  9088 | D:8      | Reached ** piety under Trog
  9137 | D:8      | Noticed a two-headed ogre
  9198 | D:8      | Killed a two-headed ogre
 10276 | D:9      | Noticed a two-headed ogre
 10322 | D:9      | Found a sparkling altar of Nemelex Xobeh.
 10365 | D:9      | Noticed a two-headed ogre
 10376 | D:9      | Killed a two-headed ogre
 10712 | D:9      | Killed a two-headed ogre
 10713 | D:9      | Reached skill level 10 in Armour
 10953 | D:9      | Found a shadowy altar of Dithmenos.
 10954 | D:9      | Found a hazy altar of Hepliaklqana.
 10954 | D:9      | Found an iron altar of Okawaru.
 10954 | D:9      | Found an opulent altar of Gozag.
 11347 | D:10     | Entered Level 10 of the Dungeon
 11356 | D:10     | Reached XP level 11. HP: 95/95 MP: 10/10
 11433 | D:10     | Found a flagged portal.
 11464 | Bailey   | Entered a bailey
 11517 | Bailey   | Reached *** piety under Trog
 11733 | Bailey   | Noticed an orc knight
 11885 | Bailey   | Killed an orc knight
 12299 | D:10     | Noticed a death yak
 12312 | D:10     | Killed a death yak
 12313 | D:10     | Reached skill level 10 in Shields
 12341 | D:10     | Reached **** piety under Trog
 12677 | D:10     | Reached skill level 10 in Fighting
 12986 | D:11     | Noticed a boulder beetle
 12996 | D:11     | Killed a boulder beetle
 13336 | D:11     | Reached XP level 12. HP: 99/106 MP: 11/11
 13540 | D:11     | Found a staircase to the Lair.
 13771 | Lair:1   | Entered Level 1 of the Lair of Beasts
 14236 | Lair:2   | Found a staircase to the Swamp.
 14439 | Lair:1   | Noticed an eight-headed hydra
 14457 | Lair:1   | Reached ***** piety under Trog
 14653 | Lair:1   | Killed an eight-headed hydra
 14689 | Lair:1   | Reached skill level 15 in Armour
 14728 | Lair:1   | Noticed an anaconda
 15130 | Lair:1   | Noticed a catoblepas
 15153 | Lair:1   | Killed a catoblepas
 15176 | Lair:1   | Identified the +6 swamp dragon scales of Demonic Liberty
                  | {+Inv rPois Will+ rCorr SInv}
 15562 | Lair:1   | Found a transporter.
 15565 | Lair:1   | Noticed Dunwar's ghost (journeyman GnCK)
 15623 | Lair:1   | Found a transporter.
 15636 | Lair:1   | Noticed a boulder beetle
 15645 | Lair:1   | Killed a boulder beetle
 15727 | Lair:2   | Found the +4 robe of Augmentation {Str+4 Int+4 Dex+4}
 16248 | Lair:3   | Noticed a catoblepas
 16260 | Lair:3   | Killed a catoblepas
 16261 | Lair:3   | Reached XP level 13. HP: 113/113 MP: 12/12
 16348 | Lair:3   | Reached skill level 15 in Shields
 16393 | Lair:3   | Noticed Fannar
 16408 | Lair:3   | Killed Fannar
 16701 | Lair:3   | Found a staircase to the Snake Pit.
 17337 | Lair:4   | Found a runed translucent gate.
 17338 | Lair:4   | Found a runed translucent gate.
 17338 | Lair:4   | Found a runed translucent gate.
 17340 | Lair:4   | Noticed PaiMei's ghost (journeyman DsNe)
 17420 | Lair:4   | You fall into a shaft and drop 1 floor!
 17420 | Lair:5   | Entered Level 5 of the Lair of Beasts
 17557 | Lair:5   | Found a staircase to the Slime Pits.
 17557 | Lair:5   | Found a viscous altar of Jiyva.
 17765 | Lair:5   | Received a gift from Trog
 18846 | Lair:4   | Killed PaiMei's ghost
 18847 | Lair:4   | Reached skill level 15 in Fighting
 18858 | Lair:4   | Reached XP level 14. HP: 114/135 MP: 13/13
 18866 | Lair:4   | Identified the +1 broad axe of Mana {holy, rC+ Str+3 Int+3}
 20781 | D:3      | Killed Chadd's ghost
 20913 | D:6      | Killed Crazy Yiuf
 21678 | D:12     | Found Weateod's Antique Armour Shop.
 22465 | D:12     | Found a staircase to the Orcish Mines.
 22520 | D:12     | Identified the +5 mace "Conus" {speed, rC+ Str-2 Int+3}
 23059 | D:12     | Reached ****** piety under Trog
 23074 | D:12     | Received a gift from Trog
 23090 | D:12     | Reached XP level 15. HP: 107/143 MP: 1/14
 23517 | D:13     | Noticed Sonja
 23518 | D:13     | Noticed Jorgrun
 23522 | D:13     | Killed Jorgrun
 23527 | D:13     | Killed Sonja
 24514 | D:13     | Noticed Erolcha
 24520 | D:13     | Killed Erolcha
 24746 | D:13     | Found a gate to the Vaults.
 24756 | D:13     | Reached skill level 10 in Throwing
 25171 | D:14     | Found a radiant altar of Vehumet.
 25296 | D:14     | Found a runed translucent gate.
 25297 | D:14     | Found a runed translucent gate.
 25298 | D:14     | Found a runed translucent gate.
 25328 | D:14     | Noticed Jaliuk's ghost (journeyman DECj)
 26190 | Orc:1    | Entered Level 1 of the Orcish Mines
 26552 | Orc:1    | Received a gift from Trog
 26808 | Orc:2    | Entered Level 2 of the Orcish Mines
 26810 | Orc:2    | Found a staircase to the Elven Halls.
 26930 | Orc:1    | Noticed a kraken
 28244 | Orc:2    | Found Guyc's Antique Weapon Shoppe.
 28371 | Orc:2    | Found an ancient bone altar of Kikubaaqudgha.
 28375 | Orc:2    | Received a gift from Trog
 28388 | Orc:2    | Noticed Nergalle
 28406 | Orc:2    | Killed Nergalle
 28510 | Orc:2    | Found Ytaratri's Book Emporium.
 28529 | Orc:2    | Found a radiant altar of Vehumet.
 28611 | Orc:2    | Found Jytai's Antique Weapon Shoppe.
 28628 | Orc:2    | Found Hukhek's Magic Scroll Emporium.
 28664 | Orc:2    | Bought a scroll of identify for 30 gold pieces
 28664 | Orc:2    | Bought a scroll of fog for 60 gold pieces
 28664 | Orc:2    | Bought a scroll of enchant weapon for 112 gold pieces
 28664 | Orc:2    | Bought a scroll of enchant weapon for 112 gold pieces
 28664 | Orc:2    | Bought a scroll of identify for 30 gold pieces
 28664 | Orc:2    | Bought a scroll of fear for 60 gold pieces
 28958 | Lair:1   | Killed Dunwar's ghost
 29097 | Lair:2   | Upgraded the game from 0.31-b1-17-gcfd88c8481 to
                  | 0.31-b1-18-g61460d1e46
 29098 | Swamp:1  | Entered Level 1 of the Swamp
 29745 | Swamp:1  | You are sucked into a shaft and drop 1 floor!
 29760 | Swamp:2  | Reached XP level 16. HP: 134/157 MP: 8/15
 30358 | Swamp:2  | Reached skill level 5 in Evocations
 30598 | Swamp:2  | Received a gift from Trog
 32475 | Swamp:3  | Identified the +1 robe of the Eternal Void {Fly MP+9 Dex+2}
 32537 | Swamp:4  | Entered Level 4 of the Swamp
 32559 | Swamp:4  | Identified the +8 rapier of the Well-Known Mouths {heavy,
                  | Dex+4}
 33781 | Swamp:4  | Received a gift from Trog
 34028 | Swamp:4  | Noticed the 27-headed Lernaean hydra
 34030 | Swamp:4  | Killed the 27-headed Lernaean hydra
 34101 | Swamp:4  | Reached XP level 17. HP: 165/168 MP: 9/16
 34261 | Swamp:4  | Got a decaying rune of Zot
 34595 | Snake:1  | Entered Level 1 of the Snake Pit
 34627 | Snake:1  | Reached skill level 15 in Throwing
 35351 | Snake:1  | Received a gift from Trog
 35727 | Snake:1  | Found Ceviobif's Magic Scroll Emporium.
 35755 | Snake:1  | Bought a scroll of enchant weapon for 105 gold pieces
 35755 | Snake:1  | Bought a scroll of blinking for 105 gold pieces
 35755 | Snake:1  | Bought a scroll of enchant weapon for 105 gold pieces
 36952 | Snake:2  | Found Kiehum's Vocational Training.
 37833 | Snake:2  | Bought a manual of Evocations for 1200 gold pieces
 38191 | Snake:3  | Identified the serpent talisman of the Lily {MP+9 Str+2}
 38191 | Snake:3  | Noticed Aizul
 38209 | Snake:3  | Killed Aizul
 38583 | Snake:3  | Received a gift from Trog
 38728 | Snake:4  | Entered Level 4 of the Snake Pit
 38907 | Snake:4  | Found Ifaarr Omug's Distillery.
 38908 | Snake:4  | Found Xuithr Axeyg's Distillery.
 39019 | Snake:4  | Bought 2 potions of lignification for 120 gold pieces
 39030 | Snake:4  | Found Unte's Book Emporium.
 39031 | Snake:4  | Bought a potion of heal wounds for 65 gold pieces
 39356 | Snake:4  | Reached XP level 18. HP: 164/178 MP: 15/17
 39605 | Snake:4  | Found Duwebu's Assorted Antiques.
 39607 | Snake:4  | Found Buezoff's Antique Weapon Emporium.
 39629 | Snake:4  | Bought a pair of glowing boots for 187 gold pieces
 39872 | Snake:4  | Received a gift from Trog
 40025 | Snake:4  | Found Ehou's Distillery.
 40033 | Snake:4  | Bought a potion of might for 68 gold pieces
 40034 | Snake:4  | Found a runed translucent gate.
 40034 | Snake:4  | Found a runed translucent gate.
 40034 | Snake:4  | Noticed Dittersdorf's ghost (adept MiBe)
 40117 | Snake:4  | Found a runed translucent gate.
 40117 | Snake:4  | Found an opulent altar of Gozag.
 40117 | Snake:4  | Found Cugap's Assorted Antiques.
 40135 | Snake:4  | Found Xogepny's General Store.
 40209 | Snake:4  | Found Deef Osagi's Assorted Antiques.
 40274 | Snake:4  | Killed Dittersdorf's ghost
 40408 | Snake:4  | Bought a scroll of blinking for 270 gold pieces
 41128 | Snake:4  | Got a serpentine rune of Zot
 41415 | D:15     | Entered Level 15 of the Dungeon
 41890 | D:15     | Found a portal to a secret trove of treasure.
 42646 | D:15     | Found a staircase to the Depths.
 42765 | D:15     | You paid a toll of 4 scrolls of blinking to enter a
                  | treasure trove
 42766 | Trove    | Entered a treasure trove
 42771 | Trove    | Found the brooch of Shielding {Spirit SH+8}
 42773 | Trove    | Identified the +3 demon trident "Udobon" {freeze, rC+}
 42787 | Trove    | Identified the +9 demon trident of Bloody Death {heavy,
                  | ^Contam rC+ Will+ Dex+5}
 42793 | Trove    | Identified the ring "Lusuhiuna" {+Blink rPois Str+4}
 42890 | D:14     | Killed Jaliuk's ghost
 43259 | Vaults:1 | Entered Level 1 of the Vaults
 43659 | Vaults:1 | Reached skill level 10 in Evocations
 43825 | Vaults:1 | Noticed Saint Roka
 43839 | Vaults:1 | Killed Saint Roka
 44110 | Vaults:1 | Received a gift from Trog
 44387 | Vaults:1 | Reached XP level 19. HP: 162/185 MP: 0/18
 44860 | Vaults:1 | Found Ryel's Weapon Boutique.
 45204 | Vaults:1 | Received a gift from Trog
 45234 | Vaults:1 | Identified the +5 war axe of Kile Yga {antimagic, rElec}
 46126 | Vaults:2 | Noticed Donald
 46132 | Vaults:2 | Killed Donald
 47105 | Vaults:3 | Found a magical portal.
 47116 | WizLab   | Entered Maxwell's Workshop
 47201 | WizLab   | Reached skill level 1 in Dodging
 47308 | WizLab   | Identified the ring "Adue" {Ice Int-4 Dex+6}
 47606 | WizLab   | Received a gift from Trog
 48050 | WizLab   | Identified the ring of Ohyucoif {Fire rElec Will- Str+2}
 48132 | WizLab   | Noticed an electric golem
 48152 | WizLab   | Killed an electric golem
 48235 | WizLab   | Identified the +1 ring mail of Uppur {+Inv}
 48236 | WizLab   | Identified the amulet of the Threshing Traitor {Fly Regen+
                  | rCorr}
 48298 | WizLab   | Identified the ring of the Serpent {rElec rC- Int+7 SInv}
 48661 | Vaults:3 | Noticed Nikola
 48678 | Vaults:3 | Killed Nikola
 49013 | Vaults:3 | Reached skill level 5 in Dodging
 49014 | Vaults:3 | Noticed Mara
 49044 | Vaults:3 | Killed Mara
 49338 | Vaults:3 | Reached XP level 20. HP: 195/195 MP: 12/19
 49569 | Vaults:3 | Identified the +1 trident of the Spinneret {heavy, rElec
                  | rF- rN+ rCorr} (Trog gifted it to you on level 3 of the
                  | Vaults)
 49569 | Vaults:3 | Received a gift from Trog
 50077 | Vaults:3 | Found a staircase to the Crypt.
 50077 | Vaults:3 | Found an ancient bone altar of Kikubaaqudgha.
 50078 | Vaults:3 | Found a basalt altar of Yredelemnul.
 51506 | Vaults:4 | Found a transporter.
 51556 | Vaults:4 | Found a bloodstained altar of Trog.
 51556 | Vaults:4 | Found the necklace of Bloodlust {Fury *Rage Will++ Int-3
                  | Slay+6}
 51622 | Vaults:4 | Found a transporter.
 51622 | Vaults:4 | Found a runed translucent door.
 51707 | Vaults:4 | Received a gift from Trog
 51784 | Vaults:4 | Identified the +7 double sword "Mumum" {venom, rN+ Str+3
                  | Dex+2}
 52183 | D:12     | Bought a glowing plate armour for 910 gold pieces
 52775 | Snake:1  | Bought a scroll of enchant armour for 105 gold pieces
 52895 | Snake:4  | Bought a scroll of enchant armour for 202 gold pieces
 52895 | Snake:4  | Bought a potion of might for 108 gold pieces
 53383 | Vaults:3 | Upgraded the game from 0.31-b1-18-g61460d1e46 to
                  | 0.31-b1-20-g67cafac56d
 53641 | Elf:1    | Entered Level 1 of the Elven Halls
 53647 | Elf:1    | Paralysed by an air elemental for 1 turns
 53785 | Elf:1    | Paralysed by an air elemental for 1 turns
 53907 | Elf:1    | Found Ubbunuun's Jewellery Boutique.
 53907 | Elf:1    | Found Kiji's Book Emporium.
 53910 | Elf:1    | Found Laypsu's Jewellery Boutique.
 54337 | Elf:1    | Received a gift from Trog
 55053 | Elf:2    | Found a glacial archway.
 55100 | IceCv    | Entered an ice cave
 55516 | IceCv    | Received a gift from Trog
 55831 | IceCv    | Identified the +0 leather armour of the Kettle-Drum {+Inv
                  | rC- rCorr Str+2}
 55877 | IceCv    | Reached XP level 21. HP: 160/206 MP: 6/20
 56117 | IceCv    | Identified the +5 war axe of Calophye {flame, rElec rC++}
 56246 | Elf:2    | Identified the +1 pair of gloves "Weifub" {+Blink rElec rC+
                  | Int+3}
 56874 | Elf:2    | Found a runed translucent gate.
 56875 | Elf:2    | Found a runed translucent gate.
 56875 | Elf:2    | Found a runed translucent gate.
 57319 | Elf:2    | Identified the +9 spear "Ciobo" {antimagic, Will+ Dex+3}
                  | (Trog gifted it to you on level 2 of the Elven Halls)
 57319 | Elf:2    | Received a gift from Trog
 57899 | Elf:2    | Identified the blade talisman of Dinuj {Int+6}
 57955 | Elf:3    | Entered Level 3 of the Elven Halls
 57955 | Elf:3    | Found Liabetti's Distillery.
 57981 | Elf:3    | Bought a potion of cancellation for 104 gold pieces
 58533 | Elf:3    | Found Leacun's Neck Hole.
 58548 | Elf:3    | Received a gift from Trog
 58939 | Elf:3    | Noticed Bai Suzhen
 58956 | Elf:3    | Killed Bai Suzhen
 59547 | Elf:3    | Received a gift from Trog
 59757 | Elf:3    | Identified the +4 short sword "Xanopp" {pain, SInv Stlth+}
 59805 | Elf:3    | Identified the ring "Aroad" {rN+ EV+5 Int-3 Dex+3}
 59937 | Elf:3    | Identified the staff "Ywit" {Fly rElec rN+ Tloc Air}
 59942 | Elf:3    | Identified the +1 robe of the End {rF+ Str+6 Int-2
                  | Archmagi}
 59943 | Elf:3    | Identified the staff "Zofumeviph" {rPois rF+ rN+ Int-5
                  | Conj}
 59971 | Elf:3    | Identified the ring "Ryhiatob" {rN+ Int+2}
 59974 | Elf:3    | Identified the ring of Heppam {rC+ rN+++ Int-5 SInv Stlth+}
 59977 | Elf:3    | Identified the +11 shortbow "Ceihyorgh" {elec, rElec Will-
                  | Int+7}
 59985 | Elf:3    | Identified the staff "Demon's Doom" {rF+ Conj Fire}
 59997 | Elf:3    | Identified the +1 scale mail of Xufi {+Blink SInv}
 59999 | Elf:3    | Identified the scarf "Gygheni" {+Inv, rF- Str+6}
 60040 | Elf:3    | Found the +3 pair of mountain boots {steadfast, rC+}
 60052 | Elf:3    | Identified the staff "Uwnep" {rF+ Int-4 Dex+3 Fire Ice Air}
 60126 | Elf:3    | Bought a potion of heal wounds for 65 gold pieces
 60337 | Depths:1 | Entered Level 1 of the Depths
 60732 | Depths:1 | Reached XP level 22. HP: 137/215 MP: 12/21
 61091 | Depths:1 | Reached skill level 27 in Shields
 61553 | Depths:1 | Found a gateway to Hell.
 61569 | Depths:1 | Received a gift from Trog
 62174 | Depths:2 | Found a transporter.
 62176 | Depths:2 | Noticed Ubraesch's ghost (adept TrMo)
 62176 | Depths:2 | Identified the +11 great mace "Killer Bee's Curse" {vamp,
                  | rElec Dex+3 SInv Stlth-}
 62178 | Depths:2 | Found a transporter.
 62381 | Depths:1 | Received a gift from Trog
 62381 | Depths:1 | Found the +5 Force Lance {heavy, knockback}
 63012 | Depths:2 | Found a one-way gate leading to the halls of Pandemonium.
 63388 | Depths:2 | Killed Ubraesch's ghost
 63421 | Depths:2 | Identified the ring "Kabir" {rC- Will+ rCorr Slay+5}
 63761 | Depths:3 | Identified the +0 scale mail "Zymuchio" {Stlth+}
 63802 | Depths:3 | Found a one-way gate to the infinite horrors of the Abyss.
 63913 | Depths:3 | Received a gift from Trog
 64005 | Depths:3 | Reached skill level 15 in Evocations
 64035 | Depths:3 | Reached XP level 23. HP: 232/234 MP: 22/22
 64227 | Depths:3 | Identified the +1 robe of the Desolation of Salt {+Blink
                  | rC- Regen+ Str+4}
 64292 | Depths:3 | Noticed a juggernaut
 64309 | Depths:3 | Killed a juggernaut
 64516 | Depths:3 | Noticed a caustic shrike
 64520 | Depths:3 | Killed a caustic shrike
 64528 | Depths:3 | Identified the +13 trident "Aghuty" {heavy, Will+ Str+6}
                  | (Trog gifted it to you on level 3 of the Depths)
 64528 | Depths:3 | Received a gift from Trog
 64572 | Depths:3 | Noticed a juggernaut
 64582 | Depths:3 | Killed a juggernaut
 64768 | Depths:3 | Noticed a juggernaut
 64781 | Depths:3 | Killed a juggernaut
 64782 | Depths:3 | Reached skill level 27 in Fighting
 64876 | Depths:3 | Noticed a juggernaut
 64882 | Depths:3 | Killed a juggernaut
 64932 | Depths:3 | Identified the +3 flail "Hydrabane" {antimagic, ^Contam
                  | rC++}
 65738 | Depths:4 | Entered Level 4 of the Depths
 66069 | Depths:4 | Received a gift from Trog
 66238 | Depths:4 | Noticed the Enchantress
 66257 | Depths:4 | Killed the Enchantress
 66273 | Depths:4 | Reached skill level 27 in Armour
 66479 | Depths:4 | Noticed Sojobo
 66490 | Depths:4 | Killed Sojobo
 66501 | Depths:4 | Found a shimmering blue altar of Sif Muna.
 66630 | Depths:4 | Reached XP level 24. HP: 236/249 MP: 20/22
 66653 | Depths:4 | Found a one-way gateway to a ziggurat.
 66927 | Depths:4 | Noticed Xtahua
 66938 | Depths:4 | Killed Xtahua
 66951 | Depths:4 | Found an ornate altar of the Wu Jian Council.
 67050 | Depths:4 | Identified the +4 sling of Earthquakes {flame, rN+}
 67361 | Depths:4 | Found a gate to the Realm of Zot.
 67830 | Snake:4  | Bought a potion of resistance for 170 gold pieces
 67830 | Snake:4  | Bought a potion of haste for 170 gold pieces
 67830 | Snake:4  | Bought a potion of cancellation for 136 gold pieces
 67840 | Snake:4  | Bought a scroll of fog for 144 gold pieces
 67840 | Snake:4  | Bought a scroll of butterflies for 144 gold pieces
 67865 | Snake:4  | Bought a potion of haste for 130 gold pieces
 67865 | Snake:4  | Bought a potion of mutation for 104 gold pieces
 67865 | Snake:4  | Bought a potion of curing for 39 gold pieces
 67865 | Snake:4  | Bought a potion of curing for 39 gold pieces
 67865 | Snake:4  | Bought a potion of curing for 39 gold pieces
 67865 | Snake:4  | Bought a potion of curing for 39 gold pieces
 67875 | Snake:4  | Bought a potion of mutation for 160 gold pieces
 68310 | Vaults:5 | Entered Level 5 of the Vaults
 68531 | Vaults:5 | Received a gift from Trog
 68641 | Vaults:5 | Identified the ring of the Writhing Gods {Ice +Blink Str+2}
 68761 | Vaults:5 | Found Suar's Weapon Shop.
 68774 | Vaults:5 | Got a silver rune of Zot
 68898 | Vaults:5 | Identified the +6 scimitar of Bloodstone {vamp, rPois MP+9}
 69072 | Vaults:5 | Found the +10 tower shield of Ignorance {rN+ Int-4}
 69186 | Vaults:5 | Identified the +6 demon blade of Starshine {pain, rCorr
                  | Str+2 Int-4 SInv}
 69258 | Vaults:5 | Received a gift from Trog
 69579 | Vaults:5 | Identified the ring "Gocazu" {Wiz Str+5}
 69597 | Vaults:5 | Identified the +10 executioner's axe of Peril {heavy, rPois
                  | rN++ Int+3}
 70984 | Zot:1    | Entered Level 1 of the Realm of Zot
 71485 | Zot:1    | Reached XP level 25. HP: 257/257 MP: 22/22
 72222 | Zot:2    | Received a gift from Trog
 72411 | Zot:2    | Identified the +6 quarterstaff of Defiance {vamp, rPois
                  | Int+6}
 72921 | Zot:2    | Reached skill level 15 in Polearms
 73272 | Zot:2    | Found an iron altar of Okawaru.
 73594 | Zot:2    | Noticed an ancient lich
 73609 | Zot:2    | Killed an ancient lich
 74624 | Zot:3    | You fall into a shaft and drop 1 floor!
 74636 | Zot:4    | Received a gift from Trog
 75464 | Zot:3    | Noticed Parghit
 75474 | Zot:3    | Killed Parghit
 75693 | Zot:3    | Identified the +0 quarterstaff of Ypywkenaix {venom, *Rage
                  | rN+ Str+2}
 76470 | Zot:5    | Entered Level 5 of the Realm of Zot
 76478 | Zot:5    | Received a gift from Trog
 76586 | Zot:5    | Noticed an orb of fire
 76586 | Zot:5    | Gained mutation: Your health recovers twice as slowly from
                  | being drained. [an orb of fire]
 76590 | Zot:5    | Gained mutation: Your body sometimes deteriorates upon
                  | taking damage. [an orb of fire]
 76595 | Zot:5    | Gained mutation: You occasionally shout uncontrollably at
                  | your foes. [an orb of fire]
 76596 | Zot:5    | Killed an orb of fire
 76766 | Zot:5    | Reached XP level 26. HP: 266/266 MP: 22/22
 77497 | Zot:5    | Noticed an orb of fire
 77504 | Zot:5    | Gained mutation: You are partially covered in large bone
                  | plates. (SH +4) [an orb of fire]
 77506 | Zot:5    | Killed an orb of fire
 77509 | Zot:5    | Noticed an ancient lich
 77515 | Zot:5    | Killed an ancient lich
 77598 | Zot:5    | Noticed an orb of fire
 77603 | Zot:5    | Lost mutation: Your health recovers twice as slowly from
                  | being drained. [an orb of fire]
 77607 | Zot:5    | Gained mutation: You are weak. (Str -2) [an orb of fire]
 77612 | Zot:5    | Killed an orb of fire
 77883 | Zot:5    | Noticed a dread lich
 77888 | Zot:5    | Killed a dread lich
 77923 | Zot:5    | Noticed an orb of fire
 77930 | Zot:5    | Killed an orb of fire
 78221 | Zot:5    | Received a gift from Trog
 78221 | Zot:5    | Found the +8 demon trident "Rift" {distort, reach+}
 78620 | Zot:5    | Got the Orb of Zot
 78993 | D:7      | Noticed Ubium the pandemonium lord
 79004 | D:7      | Killed Ubium the pandemonium lord
 79027 | D:7      | Noticed Zuonwi the pandemonium lord
 79083 | D:4      | Noticed Magey the pandemonium lord
 79182 | D:$      | Escaped with the Orb!

Illustrated notes

Levels and vault maps discovered:
D:1:      eino_arrival_cavern_a, layout_basic,
          hellmonk_ecumenical_altar_heavens_door
D:2:      layout_basic
D:3:      layout_loops_corners, gammafunk_ghost_mausoleum
D:4:      layout_basic, mainiacjoe_overflow_paths, overflow_temple_1_default,
          ebering_ghost_disaster_area
D:5:      layout_gridville, minmay_temple_entry_fiery, cheibrodos_gnoll_hut
D:6:      layout_gridville, nicolae_overflow_crystal_walls,
          mainiacjoe_overflow_alcove_4, uniq_prince_ribbit1, uniq_blork_the_orc,
          uniq_crazy_yiuf_cottage, uniq_pikel
D:7:      kennysheep_windowed_halls, layout_basic,
          gammafunk_temple_overflow_elements, uniq_joseph
D:8:      layout_loops_corners
D:9:      layout_long_grid, chequers_temple_overflow_statue_of_worship,
          nemelex_xobeh_ov_fountains_minmay
D:10:     argonaut_augean_stables, layout_irregular_city, enter_bailey_3
D:11:     layout_big_octagon, lair_entry_dummy
D:12:     wad_statue_garden, layout_cave_pools, serial_shops, shop
D:13:     layout_loops_corners, grunt_vaults_entry_fortified, serial_rivers,
          chequers_serial_rivers_small_a, chequers_serial_rivers_marsh,
          chequers_serial_rivers_large_a, chequers_serial_rivers_micro_b,
          chequers_serial_rivers_room_a, chequers_serial_rivers_room_a,
          uniq_erolcha, uniq_jorgrun, uniq_sonja
D:14:     layout_loops_ring, nicolae_vehumet_radiance, gammafunk_ghost_icy,
          lemuel_freeze_loot_1
D:15:     grunt_enter_depths_snipers, layout_loops_corners, enter_trove_6
Temple:   hellmonk_temple_divided_pantheon
Lair:1:   regret_index_malice_mire, layout_gridlike, gammafunk_ghost_arena,
          nicolae_lair_lakeside_cave
Lair:2:   layout_regular_city, nicolae_swamp_entry_splash_gauntlet
Lair:3:   layout_chaotic_city, nicolae_snake_entry_squirm, grunt_megastairs_3,
          serial_bayou_shore_b, uniq_fannar
Lair:4:   layout_long_grid, gammafunk_ghost_hydra_chop
Lair:5:   grunt_lair_end_beastmaster, layout_cave_pods, slime_entry_1,
          nicolae_lair_lil_pond, bobbens_ice_dragon_lair
Swamp:1:  layout_falls_marsh, nicolae_swamp_big_swirl
Swamp:2:  layout_falls_marsh, evilmike_swamp_ruin_house_1, swamp_pool_1_2,
          st_swamp_ruins_1
Swamp:3:  layout_falls_marsh, evilmike_swamp_ruin_house_2
Swamp:4:  swamp_old_school, layout_basic_swamp, swamp_pool_4,
          nicolae_swamp_soggy_hallways
Snake:1:  layout_onion_interference, serial_shops, shop, lemuel_fruit_tree,
          grunt_megastairs_1
Snake:2:  layout_chambers, nicolae_shop_vocational
Snake:3:  layout_concentric_octagons, drop_trap, uniq_aizul
Snake:4:  snake_pit, layout_cave_town, ebering_ghost_gozag, serial_shops, shop,
          shop_statue, shop, shop, shop, minmay_shoptagon
Orc:1:    nicolae_orc_accident_2, layout_caves, basic_altar,
          nicolae_orc_stony_grotto, mainiacjoe_minedec_watcher_in_the_water,
          nicolae_orc_beogh_chapel, library_closet
Orc:2:    kennysheep_orc_mage_school, layout_diamond_mine, basic_altar
Elf:1:    layout_geoelf_octagon, minmay_elf_necromancy, lemuel_upstairs_altar,
          minmay_shop_grove
Elf:2:    nicolae_elf_blades_crystal_corner, layout_loops_corners,
          portal_ice_cave_entry_pillars_1
Elf:3:    elf_hall, layout_onion_city, serial_shops, nicolae_lakefront_shop,
          nicolae_shop_sticking_my_neck_out, uniq_bai_suzhen
Vaults:1: vaults_room_glass_cross, v_misc_23, nicolae_vaults_network_square,
          nicolae_vaults_taking_the_gang_shopping, hangedman_vaults_nails,
          nicolae_vaults_storage_closets_1, ontoclasm_vaults_ligature,
          hangedman_vaults_slice, hangedman_vaults_maws,
          nicolae_vaults_trapezoid_3, layout_vaults_omnicross, uniq_saint_roka
Vaults:2: hangedman_vaults_snaps, v_pattern_5, nicolae_vaults_cornered_office,
          nicolae_vaults_diamond_1, nicolae_vaults_swerve,
          vaults_mumra_chevron_long, nicolae_vaults_shrinking_rooms_1,
          nicolae_vaults_sesquioval_fish, nicolae_vaults_prndl, v_misc_25,
          ontoclasm_vaults_idyll, nicolae_vaults_closet_pinwheel_3,
          nicolae_vaults_diagonal_hallway_6, nicolae_vaults_house_1,
          layout_vaults_ring, uniq_donald
Vaults:3: mu_enter_wizlab_1, minmay_crypt_entry_necro_gods, v_misc_18,
          nicolae_vaults_tetromino_L_2, nicolae_vaults_diamond_1,
          nicolae_vaults_diamond_1, nicolae_vaults_tetromino_T_1,
          nicolae_vaults_six-pack, layout_vaults_omnigrid, uniq_nikola,
          uniq_mara
Vaults:4: nicolae_vaults_trapezoid_4, nicolae_vaults_trapezoid_layered,
          vaults_room_corners, nicolae_vaults_diamond_2,
          emtedronai_trogs_sanctum, grunt_vaults_bifocal, vaults_dpeg_hooks,
          vaults_room_stairs_pillars, vaults_dpeg_diagonal,
          hangedman_vaults_corner, ontoclasm_vaults_spin, layout_vaults_omnibox
Vaults:5
Depths:1: layout_basic, serial_sigils_hangedman_confine,
          pf_hell_entry_tar_river, grunt_ministairs_10,
          kennysheep_generic_room_8
Depths:2: minmay_glassy_protrusions, layout_cave_pools, gammafunk_ghost_smash,
          grunt_decor_arrowhead, hell_entry, rand_demon_pan_entry_5
Depths:3: hangedman_box_tower, layout_basic, kennysheep_nondescript,
          hangedman_abyss_entry_splay, hell_entry,
          kennysheep_nondecorative_pillar
Depths:4: grunt_x_marks_the_spot, layout_cave_pools, enter_ziggurat_e,
          hell_entry, nzn_wu_jian_council_hall, abyss_entry, led_sif_pool,
          uniq_sojobo, uniq_xtahua, uniq_enchantress
Zot:1:    layout_gridlike, regret_index_zotdec_stipple_waver
Zot:2:    hangedman_snap_crack_crunch, layout_onion_interference,
          grunt_ministairs_12, regret_index_zotdec_fiery_em
Zot:3:    layout_gridlike, regret_index_zot_stipple_split, uniq_parghit
Zot:4:    layout_twisted_circle
Zot:5:    layout_onion, grunt_ministairs_8, st_stairs_6, hangedman_zot_gyre

Skill      XL: |  1  2  3  4  5  6  7  8  9 10 11 12 13 14 15 16 17 18 19 20 21 22 23 24 25 26 |
---------------+-------------------------------------------------------------------------------+-----
Fighting       | 4 5 6 7 8 10 15 17 19 20 21 22 25 27 | 27.0
Armour         | 4 5 6 7 9 10 12 17 18 20 22 23 24 25 27 | 27.0
Throwing       | 2 4 5 8 11 14 16 18 20 21 | 21.7
Evocations     | 1 2 4 5 7 10 12 14 15 18 20 | 20.0
Polearms       | 4 8 11 12 14 15 20 | 20.0
Shields        | 6 8 11 14 15 17 19 22 26 27 | 27.0
Dodging        | 5 |  5.0

Action                     |  1- 3 |  4- 6 |  7- 9 | 10-12 | 13-15 | 16-18 | 19-21 | 22-24 | 25-27 || total
---------------------------+-------+-------+-------+-------+-------+-------+-------+-------+-------++-------
  Melee: Trident           |   132 |    97 |   275 |   517 |  1116 |  1001 |       |       |       ||  3138
         Headbutt          |    13 |     8 |    41 |    76 |   194 |   185 |   321 |   469 |   178 ||  1485
         Dagger            |       |       |     1 |       |       |       |       |       |       ||     1
         Demon trident     |       |       |       |       |       |   175 |  1425 |  1693 |   728 ||  4021
  Throw: Stone             |     6 |    19 |     7 |       |       |       |       |       |       ||    32
         Dart              |       |     9 |    43 |    67 |    56 |       |     2 |       |       ||   177
         Javelin           |       |     2 |     9 |     8 |     4 |    16 |    11 |    15 |    21 ||    86
         Boomerang         |       |       |    17 |    35 |    26 |    81 |    31 |    45 |   163 ||   398
         Throwing net      |       |       |     4 |     2 |       |       |       |       |       ||     6
 Invoke: Trog's Hand       |       |       |       |     5 |     9 |     2 |     8 |    11 |     3 ||    38
         Berserk           |       |       |       |     1 |       |       |       |       |       ||     1
         Brothers in Arms  |       |       |       |       |     2 |     4 |     3 |     2 |     1 ||    12
  Evoke: Wand              |       |       |     2 |     1 |     2 |    15 |    13 |     1 |    30 ||    64
         Phantom mirror    |       |       |       |       |       |     1 |     1 |       |       ||     2
         Phial of floods   |       |       |       |       |       |       |     1 |     1 |       ||     2
         Tin of tremorston |       |       |       |       |       |       |     1 |     1 |       ||     2
         Box of beasts     |       |       |       |       |       |       |       |       |     2 ||     2
    Use: Scroll            |     1 |     6 |     4 |    17 |    18 |     5 |     9 |     7 |    16 ||    83
         Potion            |       |     2 |     1 |     2 |     4 |     4 |     7 |     4 |    21 ||    45
   Stab: Held in net/web   |       |       |     1 |       |       |       |       |       |       ||     1
         Invisible         |       |       |       |     1 |       |       |       |       |       ||     1
         Petrified         |       |       |       |       |     5 |       |       |       |       ||     5
         Distracted        |       |       |       |       |     1 |     1 |     1 |     1 |     1 ||     5
 Armour: Chain mail        |    50 |    61 |   148 |       |       |       |       |       |       ||   259
         Plate armour      |       |       |       |   188 |       |       |       |       |       ||   188
         Swamp dragon scal |       |       |       |    22 |   451 |   554 |   193 |       |       ||  1220
         Crystal plate arm |       |       |       |       |       |       |   254 |   635 |   226 ||  1115
         Skin              |       |       |       |       |       |       |     1 |       |       ||     1
         Gold dragon scale |       |       |       |       |       |       |       |       |    91 ||    91
  Dodge: Dodged            |    37 |    36 |    51 |    62 |   197 |   164 |   154 |   171 |    75 ||   947
  Block: Buckler           |    16 |    14 |    60 |       |       |       |       |       |       ||    90
         Reflection        |       |       |     6 |    32 |    34 |   106 |   145 |    63 |    18 ||   404
         Kite shield       |       |       |    36 |   317 |   727 |   639 |       |       |       ||  1719
         Tower shield      |       |       |       |       |       |   272 |  1286 |  2106 |   800 ||  4464
